 Dungeon Crawl Stone Soup version 0.31-a0-981-geadf994542 (webtiles) character file.

Game seed: 15899694730636506303

69 fernweh the Slasher (level 4, -1/41 HPs)
             Began as a Gnoll Chaos Knight on Nov 2, 2023.
             Was a Plaything of Xom.
             Constricted to death by Ijyb (5 damage)
             ... on level 3 of the Dungeon.
             The game lasted 00:08:53 (1454 turns).

fernweh the Slasher (Gnoll Chaos Knight)            Turns: 1454, Time: 00:08:54

Health: -1/41      AC:  5    Str: 14    XL:     4   Next: 20%
Magic:  5/5        EV:  9    Int: 11    God:    Xom [..*...]
Gold:   123        SH:  5    Dex: 11    Spells: 5/5 levels left

rFire   . . .        a - +0 falchion (chaos)
rCold   . . .        (no shield)
rNeg    . . .        b - +2 leather armour
rPois   .            (no helmet)
rElec   .            (no cloak)
rCorr   .            (no gloves)
SInv    .            (no boots)
Will    .....        o - amulet of reflection
Stlth   +            (no ring)
HPRegen 0.26/turn    (no ring)
MPRegen 0.09/turn

%: reflection
@: brilliant, grasped by roots, slowed, constricted, very slow
A: fangs 1, strong nose, distributed training
a: Renounce Religion


You were on level 3 of the Dungeon.
You worshipped Xom.
You were a toy of Xom.
You visited 1 branch of the dungeon, and saw 3 of its levels.

You collected 123 gold pieces.

Inventory:

Hand Weapons
 a - a +0 falchion of chaos (weapon)
Armour
 b - a +2 leather armour (worn)
Jewellery
 o - an amulet of reflection (around neck)
Scrolls
 c - a scroll of butterflies
 h - a scroll of poison {unknown}
 i - a scroll of teleportation {unknown}
 k - a scroll of acquirement {unknown}
Potions
 e - a potion of enlightenment {unknown}
 f - a potion of haste {unknown}
 g - 3 potions of brilliance
 j - a potion of curing {unknown}
 l - a potion of degeneration {unknown}
 n - a potion of might {unknown}


   Skills:
 + Level 6.6 Fighting
 + Level 1.1 Short Blades
 + Level 6.6 Long Blades
 + Level 1.1 Axes
 + Level 1.1 Maces & Flails
 + Level 1.1 Polearms
 + Level 1.1 Staves
 + Level 1.1 Ranged Weapons
 + Level 1.1 Throwing
 + Level 4.6 Armour
 + Level 2.7 Dodging
 + Level 1.1 Stealth
 + Level 1.1 Shields
 + Level 1.1 Unarmed Combat
 + Level 1.1 Spellcasting
 + Level 0.8 Conjurations
 + Level 0.8 Hexes
 + Level 0.8 Summonings
 + Level 0.8 Necromancy
 + Level 0.8 Translocations
 + Level 0.8 Transmutations
 + Level 0.8 Fire Magic
 + Level 0.8 Ice Magic
 + Level 0.8 Air Magic
 + Level 0.8 Earth Magic
 + Level 0.8 Poison Magic
 + Level 1.2 Invocations
 + Level 1.1 Evocations
 + Level 1.0 Shapeshifting


You had 5 spell levels left.
You didn't know any spells.
Your spell library contained the following spells:

 Spells                   Type           Power      Damage    Failure   Level
 Cause Fear               Hex            1%         N/A       95%         4
 Fireball                 Conj/Fire      1%         3d3       100%        5
 Dragon's Call            Summ           1%         N/A       100%        9


Dungeon Overview and Level Annotations

Branches:
Dungeon (3/15)

Altars:
Ashenzari
Gozag
Qazlal

Shops:
D:1 =

Annotations:
D:3 Ijyb, Natasha


Innate Abilities, Weirdness & Mutations

You have very sharp teeth.
Your uncanny sense of smell can sniff out nearby items.
Your experience applies equally to all skills.


Message History

The cerulean imp hits you but does no damage.
Unknown command.
You closely miss Natasha.
Natasha is severely wounded.
The cerulean imp disappears in a puff of smoke!
The grasping roots constrict you. Natasha claws you.
* * * LOW HITPOINT WARNING * * *
The cerulean imp hits you but does no damage.
The grasping roots constrict you.
* * * LOW HITPOINT WARNING * * *
Natasha closely misses you.
The cerulean imp hits you but does no damage.
The grasping roots release their grip on you.
Unknown command.
You miss Natasha.
Natasha is severely wounded.
The cerulean imp disappears in a puff of smoke!
You block the cerulean imp's attack. Natasha closely misses you.
Unknown command.
You hit Natasha.
Natasha's magic leaks into the air.
Natasha is almost dead.
You block Natasha's attack.
The cerulean imp hits you from afar with a +1 spear.
* * * LOW HITPOINT WARNING * * *
Ijyb zaps a wand.
The roots erupt in riotous growth!
Natasha is unaffected.
The grasping roots grab you!
Ijyb is unaffected.
The cerulean imp is unaffected.
The grasping roots constrict you.
* * * LOW HITPOINT WARNING * * *
The cerulean imp hits you from afar with a +1 spear.
* * * LOW HITPOINT WARNING * * *
Natasha closely misses you.
It was a potion of brilliance.
You feel clever all of a sudden.
Xom roars with laughter!
Natasha's magic is no longer disrupted.
The cerulean imp disappears in a puff of smoke!
The grasping roots constrict you.
You die...
Xom chortles!

............#.#.#.#
............#......
...................
...................
#######..........#..
#.....#..........###
#.._..#.............
#.....#....#########
#@# #..........#
...###h###..........#
.......g§............#
g..............#######
...............#
..................
...................
...................#
...................#


You could see Ijyb and Natasha (resistant).

Vanquished Creatures
  2 adders (D:2)
  A worm (D:2)
  A dart slug (D:1)
  2 ball pythons (D:2)
  6 endoplasms
  4 giant cockroaches
  A goblin (D:1)
  A hobgoblin (D:1)
  6 jackals (D:1)
  6 kobolds
  A quokka (D:2)
  4 bats
  3 frilled lizards
  4 rats
42 creatures vanquished.

Notes
Turn   | Place    | Note
-------+----------+-------------------------------------------
     0 | D:1      | fernweh the Gnoll Chaos Knight began the quest for the Orb.
     0 | D:1      | Reached XP level 1. HP: 23/23 MP: 1/1
    55 | D:1      | Reached XP level 2. HP: 28/29 MP: 2/2
   202 | D:1      | XOM: potion effect (brilliance)
   363 | D:1      | Reached XP level 3. HP: 33/35 MP: 3/3
   378 | D:1      | Found Weprohi's Jewellery Boutique.
   781 | D:1      | Found an opulent altar of Gozag.
   844 | D:2      | Reached skill level 1 in Invocations
   902 | D:2      | XOM: silly message
  1015 | D:2      | Reached skill level 1 in Short Blades
  1015 | D:2      | Reached skill level 1 in Axes
  1015 | D:2      | Reached skill level 1 in Maces & Flails
  1015 | D:2      | Reached skill level 1 in Polearms
  1015 | D:2      | Reached skill level 1 in Staves
  1015 | D:2      | Reached skill level 1 in Ranged Weapons
  1015 | D:2      | Reached skill level 1 in Throwing
  1015 | D:2      | Reached skill level 1 in Stealth
  1015 | D:2      | Reached skill level 1 in Shields
  1015 | D:2      | Reached skill level 1 in Unarmed Combat
  1015 | D:2      | Reached skill level 1 in Spellcasting
  1015 | D:2      | Reached skill level 1 in Evocations
  1016 | D:2      | XOM: divination: magic mapping
  1047 | D:2      | Reached skill level 1 in Shapeshifting
  1047 | D:2      | Reached XP level 4. HP: 41/41 MP: 5/5
  1050 | D:2      | Found a broken altar of Ashenzari.
  1427 | D:3      | Noticed Natasha
  1429 | D:3      | Noticed Ijyb
  1431 | D:3      | Found a stormy altar of Qazlal.
  1450 | D:3      | XOM: potion effect (curing)
  1454 | D:3      | Constricted to death by Ijyb

Illustrated notes

Levels and vault maps discovered:
D:1:      dpeg_arrival_water_altar, layout_loops_ring, serial_shops,
          nicolae_shop_peninsula
D:2:      layout_basic, basic_altar, serial_park_tiny_2
D:3:      layout_basic, mainiacjoe_overflow_alcove_2,
          nicolae_overflow_hidden_temple, lightli_sewer_entry_pipes, uniq_ijyb,
          uniq_natasha

Skill      XL: |  1  2  3 |
---------------+----------+-----
Invocations    | 1 |  1.2
Short Blades   | 1 |  1.1
Axes           | 1 |  1.1
Maces & Flails | 1 |  1.1
Polearms       | 1 |  1.1
Staves         | 1 |  1.1
Ranged Weapons | 1 |  1.1
Throwing       | 1 |  1.1
Stealth        | 1 |  1.1
Shields        | 1 |  1.1
Unarmed Combat | 1 |  1.1
Spellcasting   | 1 |  1.1
Evocations     | 1 |  1.1
Shapeshifting  | 1 |  1.0
Fighting       | |  6.6
Long Blades    | |  6.6
Armour         | |  4.6
Dodging        | |  2.7
Conjurations   | |  0.8
Hexes          | |  0.8
Summonings     | |  0.8
Necromancy     | |  0.8
Translocations | |  0.8
Transmutations | |  0.8
Fire Magic     | |  0.8
Ice Magic      | |  0.8
Air Magic      | |  0.8
Earth Magic    | |  0.8
Poison Magic   | |  0.8

Action                     |  1- 3 |  4- 6 || total
---------------------------+-------+-------++-------
  Melee: Falchion          |    93 |    47 ||   140
         Bite              |     6 |     5 ||    11
    Use: Scroll            |     1 |       ||     1
         Potion            |       |     3 ||     3
 Armour: Leather armour    |    44 |    54 ||    98
  Dodge: Dodged            |    65 |    35 ||   100
  Block: Other             |       |    17 ||    17

Table legend: (Time is in decaauts)
 A = Elapsed time spent in this place.
 B = Non-inter-level travel time spent in this place.
 C = Inter-level travel time spent in this place.
 D = Time resting spent in this place.
 E = Time spent auto-exploring this place.
 F = Levels seen in this place.
 G = Mean time per level.
                   A        B        C        D        E       F      G
               +--------+--------+--------+--------+--------+-----+--------+
         Total |   1465 |   1465 |      0 |      0 |   1015 |   3 |  488.3 |
       Dungeon |   1465 |   1465 |      0 |      0 |   1015 |   3 |  488.3 |
               +--------+--------+--------+--------+--------+-----+--------+

Top non-repeatable levels by time:
     D:1: 816 daAuts
     D:2: 491 daAuts
     D:3: 158 daAuts
